Jets vs Bruins
Created - March 9, 2024 at 19:00
Goals
|
Jets |
0 |
2 |
2 |
4 |
Bruins |
0 |
1 |
1 |
2 |
|
Shots
|
Jets |
8 |
17 |
8 |
33 |
Bruins |
8 |
9 |
7 |
24 |
|
1st period
No Goal
Penalties :
Zack Kassian (Bos) for Hooking (Minor) at 2:19, Mirco Mueller (Win) for Holding (Minor) at 10:58, Wojtek Wolski (Bos) for High sticking (Minor) at 14:46
2nd period
1. Jets , Ryan Johansen 17 (Adam Larsson 20, Alex Galchenyuk 32) at 5:20
2. Bruins , Zack Kassian 27 (Jonathan Toews 41, Wojtek Wolski 15) at 9:02 (PP)
3. Jets , Ryan Johansen 18 (Alex Galchenyuk 33) at 9:10
Penalties :
Viktor Arvidsson (Win) for High sticking (Minor) at 8:39, Mark Stone (Bos) for Hooking (Minor) at 10:38
3rd period
4. Bruins , Jason Demers 4 (Torey Krug 16, Gabriel Landeskog 35) at 3:03 (PP)
5. Jets , Troy Stetcher 1 (Ryan Johansen 32) at 14:25 (PP)
6. Jets , Alex Galchenyuk 32 (Troy Stetcher 8, Ryan Johansen 33) at 14:32 (PP)
Penalties :
Alex Galchenyuk (Win) for High sticking (Minor) at 2:32, Torey Krug (Bos) for Hooking (Minor) at 4:00, Tyson Barrie (Win) for Tripping (Minor) at 5:26, Taylor Beck (Bos) for Hooking (Minor) at 7:36, Jonathan Toews (Bos) for Boarding (Major) at 14:24
Goalie Stats
Jacob Markstrom (Win), 22 saves from 24 shots - (0.917), W, 23-20-7, 60:00 minutes
Kevin Poulin (Bos), 29 saves from 33 shots - (0.879), L, 27-19-6, 60:00 minutes
Players Stats for Jets
Player Name G A P +/- PIM S H SB GA TA FO MP PP MP PK MP
------------------------------------------------------------------------------------
Adam Larsson 0 1 1 2 0 2 2 1 0 0 0/0 18:59 0:12 2:47
Alex Galchenyuk 1 2 3 2 2 4 5 0 0 0 0/1 21:24 6:56 0:51
Anthony Mantha 0 0 0 0 0 4 1 0 0 0 0/0 16:42 1:41 2:40
Dougie Hamilton 0 0 0 0 0 2 2 0 1 1 0/0 22:29 7:11 0:24
Erik Cernak 0 0 0 0 0 1 1 0 0 0 0/0 6:38 0:00 1:39
Frank Vatrano 0 0 0 0 0 1 2 0 0 0 0/0 9:35 1:31 0:48
Kevin Hayes 0 0 0 0 0 2 1 0 0 0 7/13 12:39 0:32 1:16
Max Domi 0 0 0 0 0 0 1 0 0 0 5/10 16:01 5:55 0:06
Mirco Mueller 0 0 0 0 2 0 0 0 0 2 0/0 13:28 1:41 0:44
Noel Acciari 0 0 0 0 0 0 2 1 1 0 6/10 9:53 0:00 2:57
Ryan Johansen 2 2 4 2 0 6 0 0 1 0 14/23 20:19 6:36 0:00
Ryan Murray 0 0 0 0 0 1 0 0 0 0 0/0 22:55 6:17 2:22
Sam Reinhart 0 0 0 0 0 2 2 0 0 0 0/0 12:28 1:26 0:00
Troy Stetcher 1 1 2 2 0 1 1 2 1 0 0/0 19:33 7:04 0:42
Tyler Seguin 0 0 0 2 0 1 0 0 0 0 2/2 20:52 6:36 0:00
Tyler Toffoli 0 0 0 0 0 0 3 1 0 1 0/0 19:45 5:55 0:00
Tyson Barrie 0 0 0 0 2 1 0 0 3 1 0/0 16:41 6:16 0:00
Viktor Arvidsson 0 0 0 0 2 5 0 0 1 0 0/1 14:43 5:55 0:00
Players Stats for Bruins
Player Name G A P +/- PIM S H SB GA TA FO MP PP MP PK MP
------------------------------------------------------------------------------------
Adam Pelech 0 0 0 0 0 0 0 0 0 0 0/0 14:16 0:35 2:14
Alexander Wennberg 0 0 0 -1 0 3 2 0 0 0 3/10 13:23 1:27 1:28
Andreas Athanasiou 0 0 0 0 0 3 0 0 0 0 0/0 9:10 0:00 0:00
Brendan Smith 0 0 0 -1 0 1 2 2 1 0 0/0 20:07 1:30 5:55
Casey Cizikas 0 0 0 0 0 1 0 0 0 0 0/2 11:39 0:00 4:00
Craig Smith 0 0 0 0 0 0 0 0 0 0 1/1 7:43 0:00 0:00
Eric Wellwood 0 0 0 0 0 2 2 0 0 1 0/1 10:29 0:22 2:42
Gabriel Landeskog 0 1 1 -1 0 2 0 1 1 0 2/9 22:53 2:02 7:06
Jason Demers 1 0 1 -1 0 3 1 2 0 1 0/0 27:06 2:49 7:00
Jonathan Toews 0 1 1 -1 5 3 2 1 0 1 16/26 19:16 2:17 2:55
Josh Manson 0 0 0 0 0 0 1 1 0 0 0/0 12:47 0:00 1:26
Madison Bowey 0 0 0 -1 0 0 0 3 0 1 0/0 20:34 1:30 5:55
Mark Stone 0 0 0 -1 2 0 0 1 0 0 0/0 11:44 1:27 0:00
Radek Faksa 0 0 0 0 0 0 0 0 1 0 4/9 8:52 0:00 0:00
Taylor Beck 0 0 0 0 2 1 3 1 1 0 0/0 9:26 0:00 0:34
Torey Krug 0 1 1 -1 2 1 3 0 1 2 0/0 25:44 2:49 6:12
Wojtek Wolski 0 1 1 -1 2 1 2 0 0 0 0/1 16:53 2:17 3:51
Zack Kassian 1 0 1 -1 2 3 1 0 0 2 0/1 22:58 2:30 6:06
3 Stars
1 - Ryan Johansen (Win)
2 - Alex Galchenyuk (Win)
3 - Troy Stetcher (Win)
Power Play
Jets - 2 on 8 Attempt(s) - 25.00%
Bruins - 2 on 4 Attempt(s) - 50.00%
Penalty Kill
Jets - 2 on 4 Attempt(s) - 50.00%
- Score 0 goal in Penalty Kill
Bruins - 6 on 8 Attempt(s) - 75.00%
- Score 0 goal in Penalty Kill
Team Stat
Jets - Hits : 23 - Faceoff Wins : 34 - Blocked Shots : 5 - Penalty Minutes : 8
Bruins - Hits : 19 - Faceoff Wins : 26 - Blocked Shots : 12 - Penalty Minutes : 15
Official
Referees : Jacob Brenk and Eric Furlatt
Linesman : Ryan Gibbons and Steve Barton
Game Notes
No Game Note
Finance
Level 1 -- Attendance: 6000 (100.00%) -- Ticket Income $600,000
Level 2 -- Attendance: 4632 (92.64%) -- Ticket Income $277,920
Level 3 -- Attendance: 1844 (92.20%) -- Ticket Income $64,540
Level 4 -- Attendance: 3783 (94.58%) -- Ticket Income $94,575
Luxury Box -- Attendance: 879 (87.90%) -- Ticket Income $175,800
Game was played at the TD Garden.
Total Attendance: 17138 (95.21%)
Total Ticket Income: $1,212,835
Other Income: $181,925
Total Income: $1,394,760
Jets
5 vs 5 Forward
Center Left Wing Right Wing Time % Phy DF OF
1 Ryan Johansen Alex Galchenyuk Tyler Seguin 37 1 2 2
2 Max Domi Tyler Toffoli Viktor Arvidsson 30 1 2 2
3 Kevin Hayes Anthony Mantha Sam Reinhart 25 2 1 2
4 Noel Acciari Tyler Toffoli Frank Vatrano 8 1 2 2
5 vs 5 Defense
Defense Defense Time % Phy DF OF
1 Ryan Murray Dougie Hamilton 35 1 2 2
2 Adam Larsson Troy Stetcher 30 1 2 2
3 Mirco Mueller Tyson Barrie 25 1 2 2
4 Adam Larsson Erik Cernak 10 0 3 2
PowerPlay Forward
Center Left Wing Right Wing Time % Phy DF OF
1 Ryan Johansen Alex Galchenyuk Tyler Seguin 60 1 2 2
2 Max Domi Tyler Toffoli Viktor Arvidsson 40 1 2 2
PowerPlay Defense
Defense Defense Time % Phy DF OF
1 Troy Stetcher Dougie Hamilton 55 1 2 2
2 Ryan Murray Tyson Barrie 45 1 2 2
Penalty Kill 4 Players Forward
Center Wing Time % Phy DF OF
1 Noel Acciari Anthony Mantha 60 2 2 1
2 Kevin Hayes Frank Vatrano 40 2 2 1
Penalty Kill 4 Players Defense
Defense Defense Time % Phy DF OF
1 Adam Larsson Ryan Murray 60 2 3 0
2 Mirco Mueller Erik Cernak 40 2 3 0
Penalty Kill - 3 Players Forward
Forward Time % Phy DF OF
1 Anthony Mantha 60 2 2 1
2 Kevin Hayes 40 2 2 1
Penalty Kill - 3 Players Defense
Defense Defense Time % Phy DF OF
1 Adam Larsson Dougie Hamilton 60 2 3 0
2 Ryan Murray Mirco Mueller 40 2 3 0
4 vs 4 Forward
Center Wing Time % Phy DF OF
1 Tyler Seguin Anthony Mantha 60 1 2 2
2 Noel Acciari Frank Vatrano 40 1 2 2
4 vs 4 Defense
Defense Defense Time % Phy DF OF
1 Adam Larsson Dougie Hamilton 60 1 2 2
2 Ryan Murray Troy Stetcher 40 1 2 2
Last Minutes Offensive
Center Left Wing Right Wing Defense Defense
Ryan Johansen Alex Galchenyuk Tyler Seguin Adam Larsson Dougie Hamilton
Last Minutes Defensive
Center Left Wing Right Wing Defense Defense
Ryan Johansen Alex Galchenyuk Tyler Seguin Adam Larsson Dougie Hamilton
Goaltenders
Starting : Jacob Markstrom
Backup : Elvis Merzlikins
Extra Forwards
Normal : Anthony Mantha, Max Domi, Noel Acciari - PP : Anthony Mantha, Sam Reinhart - PK : Noel Acciari
Extra Defensemen
Normal : Mirco Mueller, Troy Stetcher, Ryan Murray - PP : Mirco Mueller - PK : Troy Stetcher, Ryan Murray
Penalty Shots
Tyler Seguin, Alex Galchenyuk, Ryan Johansen, Tyler Toffoli, Viktor Arvidsson
Custom OT Lines Forwards
Tyler Seguin, Alex Galchenyuk, Ryan Johansen, Tyler Toffoli, Viktor Arvidsson, Max Domi, Anthony Mantha, Kevin Hayes, Noel Acciari, Frank Vatrano
Custom OT Lines Defensemen
Adam Larsson, Dougie Hamilton, Ryan Murray, Troy Stetcher, Mirco Mueller
Scratches
None
Bruins
5 vs 5 Forward
Center Left Wing Right Wing Time % Phy DF OF
1 Jonathan Toews Gabriel Landeskog Zack Kassian 40 0 2 3
2 Alexander Wennberg Wojtek Wolski Mark Stone 30 0 2 3
3 Casey Cizikas Eric Wellwood Craig Smith 20 1 2 2
4 Radek Faksa Taylor Beck Andreas Athanasiou 10 1 2 2
5 vs 5 Defense
Defense Defense Time % Phy DF OF
1 Jason Demers Torey Krug 40 0 2 3
2 Madison Bowey Brendan Smith 30 1 2 2
3 Josh Manson Adam Pelech 20 1 2 2
4 Jason Demers Torey Krug 10 1 2 2
PowerPlay Forward
Center Left Wing Right Wing Time % Phy DF OF
1 Jonathan Toews Wojtek Wolski Zack Kassian 60 0 2 3
2 Alexander Wennberg Gabriel Landeskog Mark Stone 40 0 2 3
PowerPlay Defense
Defense Defense Time % Phy DF OF
1 Jason Demers Torey Krug 60 0 2 3
2 Madison Bowey Brendan Smith 40 0 2 3
Penalty Kill 4 Players Forward
Center Wing Time % Phy DF OF
1 Gabriel Landeskog Zack Kassian 60 1 2 2
2 Wojtek Wolski Jonathan Toews 40 1 2 2
Penalty Kill 4 Players Defense
Defense Defense Time % Phy DF OF
1 Jason Demers Torey Krug 60 1 2 2
2 Madison Bowey Brendan Smith 40 1 2 2
Penalty Kill - 3 Players Forward
Forward Time % Phy DF OF
1 Gabriel Landeskog 60 0 4 1
2 Zack Kassian 40 0 4 1
Penalty Kill - 3 Players Defense
Defense Defense Time % Phy DF OF
1 Jason Demers Torey Krug 60 1 3 1
2 Madison Bowey Brendan Smith 40 1 3 1
4 vs 4 Forward
Center Wing Time % Phy DF OF
1 Gabriel Landeskog Zack Kassian 60 1 3 1
2 Wojtek Wolski Jonathan Toews 40 1 3 1
4 vs 4 Defense
Defense Defense Time % Phy DF OF
1 Jason Demers Torey Krug 60 1 3 1
2 Madison Bowey Brendan Smith 40 1 3 1
Last Minutes Offensive
Center Left Wing Right Wing Defense Defense
Jonathan Toews Gabriel Landeskog Zack Kassian Jason Demers Torey Krug
Last Minutes Defensive
Center Left Wing Right Wing Defense Defense
Jonathan Toews Gabriel Landeskog Zack Kassian Jason Demers Torey Krug
Goaltenders
Starting : Kevin Poulin
Backup : Tuukka Rask
Extra Forwards
Normal : Eric Wellwood, Craig Smith, Casey Cizikas - PP : Eric Wellwood, Craig Smith - PK : Casey Cizikas
Extra Defensemen
Normal : Madison Bowey, Jason Demers, Torey Krug - PP : Josh Manson - PK : Adam Pelech, Madison Bowey
Penalty Shots
Gabriel Landeskog, Zack Kassian, Wojtek Wolski, Jonathan Toews, Alexander Wennberg
Custom OT Lines Forwards
Gabriel Landeskog, Zack Kassian, Wojtek Wolski, Jonathan Toews, Alexander Wennberg, Mark Stone, Eric Wellwood, Craig Smith, Casey Cizikas, Taylor Beck
Custom OT Lines Defensemen
Jason Demers, Torey Krug, Madison Bowey, Brendan Smith, Josh Manson
Scratches
None
% Time on Ice - Jets
Lines # - Real PCT - Wanted PCT - Time Play
Normal Forward
1 - 34% - 37% - 13:59
2 - 23% - 30% - 9:25
3 - 27% - 25% - 10:51
4 - 16% - 8% - 6:32
Normal Defense
1 - 34% - 35% - 13:56
2 - 29% - 30% - 12:00
3 - 26% - 25% - 10:28
4 - 11% - 10% - 4:23
PP Forward
1 - 55% - 60% - 7:53
2 - 45% - 40% - 6:28
PP Defense
1 - 55% - 55% - 7:52
2 - 45% - 45% - 6:29
PK Forward
1 - 81% - 60% - 3:31
2 - 19% - 40% - 0:48
PK Defense
1 - 62% - 60% - 2:40
2 - 38% - 40% - 1:39
PK3 Forward
1 - 0% - 60%
2 - 0% - 40%
PK3 Defense
1 - 0% - 60%
2 - 0% - 40%
44 Forward
1 - 100% - 60% - 0:33
2 - 0% - 40% - 0:00
44 Defense
1 - 100% - 60% - 0:33
2 - 0% - 40% - 0:00
Last Minute Offensive - 0:00
Last Minute Defensive - 0:00
Total
Forward - 60:00
Defense - 60:00
|
% Time on Ice - Bruins
Lines # - Real PCT - Wanted PCT - Time Play
Normal Forward
1 - 34% - 40% - 14:02
2 - 26% - 30% - 10:36
3 - 18% - 20% - 7:17
4 - 22% - 10% - 8:52
Normal Defense
1 - 39% - 40% - 16:00
2 - 31% - 30% - 12:42
3 - 28% - 20% - 11:15
4 - 2% - 10% - 0:50
PP Forward
1 - 66% - 60% - 2:52
2 - 34% - 40% - 1:27
PP Defense
1 - 65% - 60% - 2:49
2 - 35% - 40% - 1:30
PK Forward
1 - 68% - 60% - 9:48
2 - 32% - 40% - 4:33
PK Defense
1 - 57% - 60% - 8:11
2 - 43% - 40% - 6:10
PK3 Forward
1 - 0% - 60%
2 - 0% - 40%
PK3 Defense
1 - 0% - 60%
2 - 0% - 40%
44 Forward
1 - 100% - 60% - 0:33
2 - 0% - 40% - 0:00
44 Defense
1 - 100% - 60% - 0:33
2 - 0% - 40% - 0:00
Last Minute Offensive - 0:00
Last Minute Defensive - 0:00
Total
Forward - 60:00
Defense - 60:00
|
Play-by-Play
1st period
0:01 of 1st period - Jonathan Toews wins face-off versus Ryan Johansen in neutral zone.
0:30 of 1st period - Jason Demers is hit by Tyler Toffoli and loses puck.
1:28 of 1st period - Wrist shot by Viktor Arvidsson.
1:28 of 1st period - Stopped by Kevin Poulin with a rebound.
1:53 of 1st period - Slapshot by Viktor Arvidsson.
1:53 of 1st period - Stopped by Kevin Poulin with a rebound.
1:55 of 1st period - Slapshot by Ryan Murray.
1:55 of 1st period - Deflect By Jason Demers.
1:55 of 1st period - Stopped by Kevin Poulin without a rebound.
1:56 of 1st period - Jonathan Toews wins face-off versus Kevin Hayes in Bruins zone.
2:01 of 1st period - Snap shot by Jonathan Toews.
2:01 of 1st period - Shot Misses the Net.
2:19 of 1st period - Minor Penalty to Zack Kassian for Hooking.
2:20 of 1st period - Ryan Johansen wins face-off versus Gabriel Landeskog in Bruins zone.
3:13 of 1st period - Max Domi is hit by Jason Demers and loses puck.
3:26 of 1st period - Eric Wellwood is hit by Alex Galchenyuk and loses puck.
3:49 of 1st period - Jonathan Toews is hit by Sam Reinhart and loses puck.
4:19 of 1st period - Penalty to Zack Kassian is over, Zack Kassian is back on ice.
4:27 of 1st period - Tyler Toffoli is hit by Josh Manson and loses puck.
4:32 of 1st period - Backhand shot by Jonathan Toews.
4:32 of 1st period - Stopped by Jacob Markstrom without a rebound.
4:33 of 1st period - Kevin Hayes wins face-off versus Radek Faksa in Jets zone.
5:22 of 1st period - Wrist shot by Brendan Smith.
5:22 of 1st period - Shot Misses the Net.
5:33 of 1st period - Icing by Tyler Toffoli.
5:34 of 1st period - Radek Faksa wins face-off versus Max Domi in Jets zone.
5:47 of 1st period - Josh Manson is hit by Erik Cernak and loses puck.
6:24 of 1st period - Wrist shot by Alexander Wennberg.
6:24 of 1st period - Deflect By Mark Stone.
6:24 of 1st period - Shot Misses the Net.
6:24 of 1st period - Puck is out of play.
6:25 of 1st period - Kevin Hayes wins face-off versus Alexander Wennberg in Jets zone.
8:28 of 1st period - Troy Stetcher is hit by Eric Wellwood and loses puck.
9:43 of 1st period - Slapshot by Viktor Arvidsson.
9:43 of 1st period - Stopped by Kevin Poulin without a rebound.
9:44 of 1st period - Jonathan Toews wins face-off versus Kevin Hayes in Bruins zone.
9:51 of 1st period - Slapshot by Jonathan Toews.
9:51 of 1st period - Deflect By Gabriel Landeskog.
9:51 of 1st period - Stopped by Jacob Markstrom with a rebound.
10:13 of 1st period - Ryan Johansen is hit by Torey Krug and loses puck.
10:18 of 1st period - Snap shot by Casey Cizikas.
10:18 of 1st period - Shot Misses the Net.
10:20 of 1st period - Snap shot by Casey Cizikas.
10:20 of 1st period - Stopped by Jacob Markstrom without a rebound.
10:21 of 1st period - Kevin Hayes wins face-off versus Eric Wellwood in Jets zone.
10:28 of 1st period - Slapshot by Dougie Hamilton.
10:28 of 1st period - Deflect By Eric Wellwood.
10:28 of 1st period - Stopped by Kevin Poulin with a rebound.
10:58 of 1st period - Minor Penalty to Mirco Mueller for Holding.
10:59 of 1st period - Noel Acciari wins face-off versus Jonathan Toews in Jets zone.
11:25 of 1st period - Gabriel Landeskog is hit by Noel Acciari and loses puck.
12:00 of 1st period - Wrist shot by Kevin Hayes.
12:00 of 1st period - Shot Blocked by Brendan Smith.
12:02 of 1st period - Slapshot by Troy Stetcher.
12:02 of 1st period - Shot Misses the Net.
12:04 of 1st period - Wrist shot by Alex Galchenyuk.
12:04 of 1st period - Shot Blocked by Madison Bowey.
12:58 of 1st period - Penalty to Mirco Mueller is over, Mirco Mueller is back on ice.
13:33 of 1st period - Snap shot by Torey Krug.
13:33 of 1st period - Stopped by Jacob Markstrom without a rebound.
13:34 of 1st period - Ryan Johansen wins face-off versus Radek Faksa in Jets zone.
13:47 of 1st period - Wrist shot by Radek Faksa.
13:47 of 1st period - Shot Blocked by Troy Stetcher.
13:49 of 1st period - Wrist shot by Andreas Athanasiou.
13:49 of 1st period - Stopped by Jacob Markstrom with a rebound.
14:03 of 1st period - Icing by Kevin Hayes.
14:04 of 1st period - Kevin Hayes wins face-off versus Jonathan Toews in Jets zone.
14:38 of 1st period - Slapshot by Anthony Mantha.
14:38 of 1st period - Shot Blocked by Gabriel Landeskog.
14:40 of 1st period - Snap shot by Anthony Mantha.
14:40 of 1st period - Stopped by Kevin Poulin without a rebound.
14:41 of 1st period - Ryan Johansen wins face-off versus Alexander Wennberg in Bruins zone.
14:44 of 1st period - Snap shot by Tyler Seguin.
14:44 of 1st period - Shot Misses the Net.
14:46 of 1st period - Minor Penalty to Wojtek Wolski for High sticking.
14:47 of 1st period - Ryan Johansen wins face-off versus Gabriel Landeskog in Bruins zone.
15:26 of 1st period - Slapshot by Viktor Arvidsson.
15:26 of 1st period - Stopped by Kevin Poulin with a rebound.
15:28 of 1st period - Slapshot by Ryan Murray.
15:28 of 1st period - Shot Blocked by Jason Demers.
16:46 of 1st period - Penalty to Wojtek Wolski is over, Wojtek Wolski is back on ice.
17:38 of 1st period - Slapshot by Brendan Smith.
17:38 of 1st period - Stopped by Jacob Markstrom without a rebound.
17:39 of 1st period - Noel Acciari wins face-off versus Radek Faksa in Jets zone.
18:06 of 1st period - Mark Stone is hit by Alex Galchenyuk and loses puck.
18:33 of 1st period - Adam Pelech is hit by Troy Stetcher and loses puck.
19:27 of 1st period - Snap shot by Alexander Wennberg.
19:27 of 1st period - Stopped by Jacob Markstrom without a rebound.
19:28 of 1st period - Alexander Wennberg wins face-off versus Kevin Hayes in Jets zone.
19:29 of 1st period - Snap shot by Jason Demers.
19:29 of 1st period - Stopped by Jacob Markstrom without a rebound.
19:30 of 1st period - Kevin Hayes wins face-off versus Alexander Wennberg in Jets zone.
19:30 of 1st period - Kevin Hayes is hit by Torey Krug.
19:42 of 1st period - Snap shot by Kevin Hayes.
19:42 of 1st period - Deflect By Anthony Mantha.
19:42 of 1st period - Stopped by Kevin Poulin without a rebound.
19:43 of 1st period - Alexander Wennberg wins face-off versus Ryan Johansen in Bruins zone.
Goals for this period are 0 for Jets vs 0 for Bruins.
Shots for this period are 8 for Jets vs 8 for Bruins.
2nd period
0:01 of 2nd period - Ryan Johansen wins face-off versus Jonathan Toews in neutral zone.
0:18 of 2nd period - Dougie Hamilton is hit by Torey Krug and loses puck.
1:43 of 2nd period - Slapshot by Kevin Hayes.
1:43 of 2nd period - Shot Blocked by Madison Bowey.
1:47 of 2nd period - Wrist shot by Kevin Hayes.
1:47 of 2nd period - Shot Misses the Net.
1:49 of 2nd period - Wrist shot by Sam Reinhart.
1:49 of 2nd period - Stopped by Kevin Poulin without a rebound.
1:50 of 2nd period - Max Domi wins face-off versus Casey Cizikas in Bruins zone.
2:05 of 2nd period - Slapshot by Max Domi.
2:05 of 2nd period - Shot Blocked by Josh Manson.
2:07 of 2nd period - Wrist shot by Viktor Arvidsson.
2:07 of 2nd period - Shot Misses the Net.
3:06 of 2nd period - Josh Manson is hit by Noel Acciari and loses puck.
3:29 of 2nd period - Snap shot by Alex Galchenyuk.
3:29 of 2nd period - Stopped by Kevin Poulin with a rebound.
3:31 of 2nd period - Wrist shot by Adam Larsson.
3:31 of 2nd period - Shot Blocked by Jonathan Toews.
4:13 of 2nd period - Eric Wellwood is hit by Alex Galchenyuk.
4:34 of 2nd period - Icing by Torey Krug.
4:35 of 2nd period - Jonathan Toews wins face-off versus Kevin Hayes in Bruins zone.
4:49 of 2nd period - Wrist shot by Kevin Hayes.
4:49 of 2nd period - Shot Misses the Net.
4:51 of 2nd period - Slapshot by Mirco Mueller.
4:51 of 2nd period - Shot Misses the Net.
4:53 of 2nd period - Snap shot by Anthony Mantha.
4:53 of 2nd period - Shot Misses the Net.
4:55 of 2nd period - Snap shot by Sam Reinhart.
4:55 of 2nd period - Stopped by Kevin Poulin with a rebound.
4:57 of 2nd period - Wrist shot by Anthony Mantha.
4:57 of 2nd period - Shot Hit the Post.
4:59 of 2nd period - Slapshot by Erik Cernak.
4:59 of 2nd period - Stopped by Kevin Poulin with a rebound.
5:01 of 2nd period - Slapshot by Adam Larsson.
5:01 of 2nd period - Stopped by Kevin Poulin without a rebound.
5:02 of 2nd period - Ryan Johansen wins face-off versus Alexander Wennberg in Bruins zone.
5:07 of 2nd period - Snap shot by Ryan Johansen.
5:07 of 2nd period - Stopped by Kevin Poulin without a rebound.
5:08 of 2nd period - Alexander Wennberg wins face-off versus Alex Galchenyuk in Bruins zone.
5:18 of 2nd period - Snap shot by Alex Galchenyuk.
5:18 of 2nd period - Stopped by Kevin Poulin with a rebound.
5:20 of 2nd period - Slapshot by Adam Larsson.
5:20 of 2nd period - Deflect By Ryan Johansen.
5:20 of 2nd period - Goal by Ryan Johansen - Jets : 1 - Bruins : 0.
5:21 of 2nd period - Ryan Johansen wins face-off versus Jonathan Toews in neutral zone.
5:53 of 2nd period - Jason Demers is hit by Max Domi.
6:15 of 2nd period - Torey Krug is hit by Kevin Hayes and loses puck.
6:30 of 2nd period - Andreas Athanasiou is hit by Alex Galchenyuk.
7:01 of 2nd period - Snap shot by Gabriel Landeskog.
7:01 of 2nd period - Stopped by Jacob Markstrom with a rebound.
7:13 of 2nd period - Snap shot by Alexander Wennberg.
7:13 of 2nd period - Stopped by Jacob Markstrom with a rebound.
7:57 of 2nd period - Wrist shot by Anthony Mantha.
7:57 of 2nd period - Stopped by Kevin Poulin with a rebound.
7:59 of 2nd period - Slapshot by Mirco Mueller.
7:59 of 2nd period - Deflect By Anthony Mantha.
7:59 of 2nd period - Shot Misses the Net.
7:59 of 2nd period - Puck is out of play.
8:00 of 2nd period - Jonathan Toews wins face-off versus Ryan Johansen in Bruins zone.
8:32 of 2nd period - Snap shot by Alexander Wennberg.
8:32 of 2nd period - Shot Misses the Net.
8:39 of 2nd period - Minor Penalty to Viktor Arvidsson for High sticking.
8:40 of 2nd period - Jonathan Toews wins face-off versus Noel Acciari in Jets zone.
8:40 of 2nd period - Slapshot by Zack Kassian.
8:40 of 2nd period - Deflect By Jonathan Toews.
8:40 of 2nd period - Stopped by Jacob Markstrom with a rebound.
8:46 of 2nd period - Slapshot by Zack Kassian.
8:46 of 2nd period - Stopped by Jacob Markstrom without a rebound.
8:47 of 2nd period - Noel Acciari wins face-off versus Jonathan Toews in Jets zone.
9:02 of 2nd period - Slapshot by Zack Kassian.
9:02 of 2nd period - Goal by Zack Kassian - Jets : 1 - Bruins : 1.
9:03 of 2nd period - Ryan Johansen wins face-off versus Jonathan Toews in neutral zone.
9:08 of 2nd period - Wrist shot by Alex Galchenyuk.
9:08 of 2nd period - Shot Misses the Net.
9:10 of 2nd period - Slapshot by Ryan Johansen.
9:10 of 2nd period - Goal by Ryan Johansen - Jets : 2 - Bruins : 1.
9:11 of 2nd period - Jonathan Toews wins face-off versus Ryan Johansen in neutral zone.
9:13 of 2nd period - Off-side.
9:14 of 2nd period - Ryan Johansen wins face-off versus Jonathan Toews in neutral zone.
9:19 of 2nd period - Wrist shot by Ryan Johansen.
9:19 of 2nd period - Stopped by Kevin Poulin without a rebound.
9:20 of 2nd period - Jonathan Toews wins face-off versus Ryan Johansen in Bruins zone.
9:20 of 2nd period - Jonathan Toews is hit by Adam Larsson.
9:28 of 2nd period - Wrist shot by Jonathan Toews.
9:28 of 2nd period - Shot Blocked by Troy Stetcher.
9:58 of 2nd period - Snap shot by Ryan Johansen.
9:58 of 2nd period - Stopped by Kevin Poulin with a rebound.
10:00 of 2nd period - Snap shot by Alex Galchenyuk.
10:00 of 2nd period - Stopped by Kevin Poulin with a rebound.
10:25 of 2nd period - Wrist shot by Ryan Johansen.
10:25 of 2nd period - Stopped by Kevin Poulin without a rebound.
10:26 of 2nd period - Max Domi wins face-off versus Alexander Wennberg in Bruins zone.
10:38 of 2nd period - Minor Penalty to Mark Stone for Hooking.
10:39 of 2nd period - Max Domi wins face-off versus Gabriel Landeskog in Bruins zone.
12:02 of 2nd period - Icing by Ryan Murray.
12:03 of 2nd period - Gabriel Landeskog wins face-off versus Max Domi in Jets zone.
12:38 of 2nd period - Penalty to Mark Stone is over, Mark Stone is back on ice.
12:51 of 2nd period - Anthony Mantha is hit by Eric Wellwood and loses puck.
12:58 of 2nd period - Snap shot by Craig Smith.
12:58 of 2nd period - Shot Misses the Net.
13:16 of 2nd period - Snap shot by Alexander Wennberg.
13:16 of 2nd period - Stopped by Jacob Markstrom with a rebound.
13:18 of 2nd period - Slapshot by Josh Manson.
13:18 of 2nd period - Shot Misses the Net.
13:39 of 2nd period - Radek Faksa is hit by Tyler Toffoli and loses puck.
13:44 of 2nd period - Slapshot by Dougie Hamilton.
13:44 of 2nd period - Stopped by Kevin Poulin with a rebound.
13:46 of 2nd period - Snap shot by Noel Acciari.
13:46 of 2nd period - Deflect By Frank Vatrano.
13:46 of 2nd period - Stopped by Kevin Poulin with a rebound.
13:48 of 2nd period - Snap shot by Frank Vatrano.
13:48 of 2nd period - Shot Blocked by Taylor Beck.
14:02 of 2nd period - Snap shot by Tyler Toffoli.
14:02 of 2nd period - Shot Misses the Net.
14:40 of 2nd period - Madison Bowey is hit by Tyler Toffoli and loses puck.
14:59 of 2nd period - Frank Vatrano is hit by Taylor Beck and loses puck.
15:11 of 2nd period - Icing by Madison Bowey.
15:12 of 2nd period - Radek Faksa wins face-off versus Ryan Johansen in Bruins zone.
15:12 of 2nd period - Radek Faksa is hit by Dougie Hamilton.
15:47 of 2nd period - Icing by Taylor Beck.
15:48 of 2nd period - Radek Faksa wins face-off versus Ryan Johansen in Bruins zone.
15:59 of 2nd period - Snap shot by Tyler Seguin.
15:59 of 2nd period - Stopped by Kevin Poulin with a rebound.
16:15 of 2nd period - Sam Reinhart is hit by Brendan Smith.
18:13 of 2nd period - Wrist shot by Jonathan Toews.
18:13 of 2nd period - Stopped by Jacob Markstrom without a rebound.
18:14 of 2nd period - Craig Smith wins face-off versus Kevin Hayes in Jets zone.
18:17 of 2nd period - Snap shot by Eric Wellwood.
18:17 of 2nd period - Stopped by Jacob Markstrom without a rebound.
18:18 of 2nd period - Kevin Hayes wins face-off versus Casey Cizikas in Jets zone.
18:33 of 2nd period - Wrist shot by Craig Smith.
18:33 of 2nd period - Deflect By Dougie Hamilton.
18:33 of 2nd period - Shot Misses the Net.
18:33 of 2nd period - Puck is out of play.
18:34 of 2nd period - Ryan Johansen wins face-off versus Jonathan Toews in Jets zone.
19:01 of 2nd period - Dougie Hamilton is hit by Alexander Wennberg.
19:05 of 2nd period - Slapshot by Ryan Murray.
19:05 of 2nd period - Shot Blocked by Mark Stone.
19:29 of 2nd period - Wrist shot by Eric Wellwood.
19:29 of 2nd period - Stopped by Jacob Markstrom without a rebound.
19:30 of 2nd period - Noel Acciari wins face-off versus Jonathan Toews in Jets zone.
19:54 of 2nd period - Zack Kassian is hit by Frank Vatrano and loses puck.
Goals for this period are 2 for Jets vs 1 for Bruins.
Shots for this period are 17 for Jets vs 9 for Bruins.
3rd period
0:01 of 3rd period - Jonathan Toews wins face-off versus Viktor Arvidsson in neutral zone.
0:31 of 3rd period - Snap shot by Tyson Barrie.
0:31 of 3rd period - Stopped by Kevin Poulin without a rebound.
0:32 of 3rd period - Ryan Johansen wins face-off versus Alexander Wennberg in Bruins zone.
0:35 of 3rd period - Snap shot by Alex Galchenyuk.
0:35 of 3rd period - Shot Blocked by Brendan Smith.
1:27 of 3rd period - Wrist shot by Eric Wellwood.
1:27 of 3rd period - Shot Misses the Net.
1:46 of 3rd period - Icing by Ryan Murray.
1:47 of 3rd period - Radek Faksa wins face-off versus Ryan Johansen in Jets zone.
1:54 of 3rd period - Snap shot by Taylor Beck.
1:54 of 3rd period - Stopped by Jacob Markstrom with a rebound.
2:14 of 3rd period - Andreas Athanasiou is hit by Dougie Hamilton and loses puck.
2:32 of 3rd period - Minor Penalty to Alex Galchenyuk for High sticking.
2:33 of 3rd period - Jonathan Toews wins face-off versus Noel Acciari in Jets zone.
2:33 of 3rd period - Wrist shot by Zack Kassian.
2:33 of 3rd period - Stopped by Jacob Markstrom without a rebound.
2:34 of 3rd period - Jonathan Toews wins face-off versus Noel Acciari in Jets zone.
2:51 of 3rd period - Slapshot by Jason Demers.
2:51 of 3rd period - Deflect By Jonathan Toews.
2:51 of 3rd period - Shot Misses the Net.
2:51 of 3rd period - Puck is out of play.
2:52 of 3rd period - Noel Acciari wins face-off versus Alexander Wennberg in Jets zone.
3:01 of 3rd period - Slapshot by Torey Krug.
3:01 of 3rd period - Shot Blocked by Noel Acciari.
3:03 of 3rd period - Slapshot by Jason Demers.
3:03 of 3rd period - Goal by Jason Demers - Jets : 2 - Bruins : 2.
3:04 of 3rd period - Jonathan Toews wins face-off versus Max Domi in neutral zone.
3:08 of 3rd period - Off-side.
3:09 of 3rd period - Jonathan Toews wins face-off versus Max Domi in neutral zone.
3:12 of 3rd period - Mirco Mueller is hit by Jonathan Toews.
3:16 of 3rd period - Slapshot by Viktor Arvidsson.
3:16 of 3rd period - Stopped by Kevin Poulin without a rebound.
3:17 of 3rd period - Jonathan Toews wins face-off versus Max Domi in Bruins zone.
3:54 of 3rd period - Snap shot by Alex Galchenyuk.
3:54 of 3rd period - Shot Misses the Net.
4:00 of 3rd period - Minor Penalty to Torey Krug for Hooking.
4:01 of 3rd period - Ryan Johansen wins face-off versus Gabriel Landeskog in Bruins zone.
4:32 of 3rd period - Snap shot by Troy Stetcher.
4:32 of 3rd period - Shot Blocked by Madison Bowey.
5:21 of 3rd period - Backhand shot by Jonathan Toews.
5:21 of 3rd period - Shot Blocked by Tyler Toffoli.
5:23 of 3rd period - Slapshot by Jason Demers.
5:23 of 3rd period - Stopped by Jacob Markstrom without a rebound.
5:24 of 3rd period - Max Domi wins face-off versus Wojtek Wolski in Jets zone.
5:26 of 3rd period - Minor Penalty to Tyson Barrie for Tripping.
5:27 of 3rd period - Tyler Seguin wins face-off versus Zack Kassian in Jets zone.
6:00 of 3rd period - Penalty to Torey Krug is over, Torey Krug is back on ice.
6:14 of 3rd period - Adam Larsson is hit by Zack Kassian.
6:32 of 3rd period - Wrist shot by Frank Vatrano.
6:32 of 3rd period - Shot Blocked by Jason Demers.
6:34 of 3rd period - Slapshot by Kevin Hayes.
6:34 of 3rd period - Stopped by Kevin Poulin without a rebound.
6:35 of 3rd period - Noel Acciari wins face-off versus Jonathan Toews in Bruins zone.
6:36 of 3rd period - Snap shot by Anthony Mantha.
6:36 of 3rd period - Stopped by Kevin Poulin without a rebound.
6:37 of 3rd period - Jonathan Toews wins face-off versus Noel Acciari in Bruins zone.
6:50 of 3rd period - Wrist shot by Wojtek Wolski.
6:50 of 3rd period - Stopped by Jacob Markstrom with a rebound.
7:26 of 3rd period - Penalty to Tyson Barrie is over, Tyson Barrie is back on ice.
7:28 of 3rd period - Icing by Ryan Murray.
7:29 of 3rd period - Max Domi wins face-off versus Radek Faksa in Jets zone.
7:34 of 3rd period - Slapshot by Adam Larsson.
7:34 of 3rd period - Stopped by Kevin Poulin with a rebound.
7:36 of 3rd period - Minor Penalty to Taylor Beck for Hooking.
7:37 of 3rd period - Gabriel Landeskog wins face-off versus Ryan Johansen in Bruins zone.
9:36 of 3rd period - Penalty to Taylor Beck is over, Taylor Beck is back on ice.
10:00 of 3rd period - Taylor Beck is hit by Sam Reinhart and loses puck.
10:15 of 3rd period - Tyler Toffoli is hit by Alexander Wennberg and loses puck.
10:32 of 3rd period - Madison Bowey is hit by Adam Larsson and loses puck.
11:18 of 3rd period - Kevin Hayes is hit by Taylor Beck and loses puck.
12:43 of 3rd period - Erik Cernak is hit by Wojtek Wolski and loses puck.
13:10 of 3rd period - Ryan Johansen is hit by Jonathan Toews and loses puck.
13:51 of 3rd period - Wrist shot by Taylor Beck.
13:51 of 3rd period - Shot Blocked by Adam Larsson.
13:53 of 3rd period - Slapshot by Jason Demers.
13:53 of 3rd period - Shot Misses the Net.
13:55 of 3rd period - Slapshot by Torey Krug.
13:55 of 3rd period - Deflect By Andreas Athanasiou.
13:55 of 3rd period - Stopped by Jacob Markstrom with a rebound.
13:57 of 3rd period - Wrist shot by Radek Faksa.
13:57 of 3rd period - Deflect By Andreas Athanasiou.
13:57 of 3rd period - Stopped by Jacob Markstrom without a rebound.
13:58 of 3rd period - Kevin Hayes wins face-off versus Radek Faksa in Jets zone.
13:58 of 3rd period - Kevin Hayes is hit by Taylor Beck.
14:04 of 3rd period - Wrist shot by Kevin Hayes.
14:04 of 3rd period - Stopped by Kevin Poulin without a rebound.
14:05 of 3rd period - Jonathan Toews wins face-off versus Kevin Hayes in Bruins zone.
14:05 of 3rd period - Jonathan Toews is hit by Anthony Mantha.
14:24 of 3rd period - Major Penalty to Jonathan Toews for Boarding.
14:25 of 3rd period - Ryan Johansen wins face-off versus Gabriel Landeskog in Bruins zone.
14:25 of 3rd period - Slapshot by Troy Stetcher.
14:25 of 3rd period - Goal by Troy Stetcher - Jets : 3 - Bruins : 2.
14:26 of 3rd period - Ryan Johansen wins face-off versus Gabriel Landeskog in neutral zone.
14:32 of 3rd period - Slapshot by Alex Galchenyuk.
14:32 of 3rd period - Goal by Alex Galchenyuk - Jets : 4 - Bruins : 2.
14:33 of 3rd period - Tyler Seguin wins face-off versus Gabriel Landeskog in neutral zone.
14:44 of 3rd period - Gabriel Landeskog is hit by Alex Galchenyuk and loses puck.
15:08 of 3rd period - Snap shot by Casey Cizikas.
15:08 of 3rd period - Shot Misses the Net.
17:36 of 3rd period - Zack Kassian is hit by Frank Vatrano.
18:00 of 3rd period - Ryan Murray is hit by Wojtek Wolski and loses puck.
19:24 of 3rd period - Penalty to Jonathan Toews is over, Jonathan Toews is back on ice.
19:30 of 3rd period - Anthony Mantha is hit by Brendan Smith and loses puck.
Goals for this period are 2 for Jets vs 1 for Bruins.
Shots for this period are 8 for Jets vs 7 for Bruins.